 Dungeon Crawl Stone Soup version 0.29.1-15-g9cfb28693d (webtiles) character file.

Game seed: 7689478176936944294

30 protoss039 the Digger (level 3, 26/26 HPs)
             Began as a Demonspawn Earth Elementalist on Mar 12, 2023.
             Got out of the dungeon alive.
             The game lasted 00:01:08 (949 turns).

protoss039 the Digger (DsEE)                         Turns: 949, Time: 00:01:09

Health: 26/26      AC:  7    Str:  8    XL:     3   Next: 3%
Magic:  6/6        EV: 13    Int: 18    God:
Gold:   26         SH:  3    Dex: 13    Spells: 5/6 levels left

rFire   . . .      SeeInvis .   g - +0 short sword
rCold   . . .      Faith    .   i - +0 buckler
rNeg    . . .      Spirit   .   f - +0 ring mail
rPois   .          Reflect  .   (helmet restricted)
rElec   .          Harm     .   (no cloak)
rCorr   .          Rampage  .   (no gloves)
Will    .....                   (no boots)
Stlth   +.........              (no amulet)
HPRegen 0.08/turn               j - +4 ring of evasion
MPRegen 0.10/turn               (no ring)

@: no status effects
A: antennae 1, yellow scales 1
a: no special abilities


You escaped.
You visited 1 branch of the dungeon, and saw 1 of its levels.

You collected 26 gold pieces.

Inventory:

Hand Weapons
 a - a +0 sling
 g - a +0 short sword (weapon)
Armour
 f - a +0 ring mail (worn)
 i - a +0 buckler (worn)
Jewellery
 j - a +4 ring of evasion (left hand)
Scrolls
 c - 2 scrolls of magic mapping {unknown}
 d - 2 scrolls of teleportation {unknown}
 e - a scroll of identify {unknown}
Potions
 b - a potion of magic
 h - a potion of lignification {unknown}


   Skills:
 + Level 1.2 Fighting
 * Level 0.5 Armour
 - Level 1.7 Dodging
 - Level 1.7 Stealth
 * Level 0.0 Shields
 + Level 2.4 Spellcasting
 - Level 0.8 Transmutations
 + Level 3.0 Earth Magic


You had 5 spell levels left.
You knew the following spells:

 Your Spells              Type           Power      Damage    Failure   Level
a - Sandblast             Erth           26%        2d8       21%         1

Your spell library contained the following spells:

 Spells                   Type           Power      Damage    Failure   Level
 Passwall                 Tmut/Erth      7%         N/A       45%         2
 Apportation              Tloc           4%         N/A       58%         1
 Necrotise                Necr           8%         1d4       58%         1
 Summon Small Mammal      Summ           8%         N/A       58%         1
 Stone Arrow              Conj/Erth      14%        3d7       75%         3
 Petrify                  Tmut/Erth      9%         N/A       97%         4


Dungeon Overview and Level Annotations

Branches:
Dungeon (1/15) Zot: 5032

Altars:


Innate Abilities, Weirdness & Mutations

You have a pair of small antennae on your head.
You are partially covered in yellow scales. (AC +2)


Message History

Aim: a hobgoblin (82% to hit)
The blast of sand hits the hobgoblin but does no damage.
The quokka bites you.
The hobgoblin hits you but does no damage.
The quokka misses you. The hobgoblin barely misses you.
Casting: Sandblast (safe; 24% risk of failure)
Confirm with . or Enter, or press ? or * to list all spells.
Aiming: Sandblast (safe; 24% risk of failure)
Press: ? - help, Shift-Dir - straight line, f/p - hobgoblin
Aim: a hobgoblin (82% to hit)
The blast of sand hits the hobgoblin.
You kill the hobgoblin!
You block the quokka's attack. The quokka closely misses you.
You have reached level 3!
Your experience leads to an increase in your attributes!
Increase (S)trength, (I)ntelligence, or (D)exterity?
You feel clever. x2; Your demonic ancestry asserts itself...
A pair of antennae grows on your head!
Casting: Sandblast (safe; 21% risk of failure)
Confirm with . or Enter, or press ? or * to list all spells.
Aiming: Sandblast (safe; 21% risk of failure)
Press: ? - help, Shift-Dir - straight line, f - quokka
Aim: a quokka (heavily wounded, 75% to hit)
The blast of sand hits the quokka.
The quokka is severely wounded.
You block the quokka's attack. The quokka barely misses you.
Unknown command.
Casting: Sandblast (safe; 21% risk of failure)
Confirm with . or Enter, or press ? or * to list all spells.
Aiming: Sandblast (safe; 21% risk of failure)
Press: ? - help, Shift-Dir - straight line, f/p - quokka
Aim: a quokka (severely wounded, 75% to hit)
The blast of sand hits the quokka!
You kill the quokka!
Unknown command.
You see here a +0 scale mail.
There is an open door here.
There is a staircase leading out of the dungeon here.
Are you sure you want to leave the Dungeon?
This will make you lose the game!
You have escaped!

##################
#..........[......
#.################
#........
#'#######
#@.......
#########


There were no monsters in sight!

Vanquished Creatures
  A dart slug (D:1)
  5 ball pythons (D:1)
  5 endoplasms (D:1)
  2 giant cockroaches (D:1)
  A goblin (D:1)
  2 hobgoblins (D:1)
  2 quokkas (D:1)
  A frilled lizard (D:1)
  3 kobolds (D:1)
  2 rats (D:1)
24 creatures vanquished.

Notes
Turn   | Place    | Note
-------+----------+-------------------------------------------
     0 | D:1      | protoss039 the Demonspawn Earth Elementalist began the
                  | quest for the Orb.
     0 | D:1      | Reached XP level 1. HP: 13/13 MP: 3/3
   198 | D:1      | Gained mutation: You are partially covered in yellow
                  | scales. (AC +2) [demonic ancestry]
   198 | D:1      | Reached XP level 2. HP: 20/20 MP: 3/5
   470 | D:1      | Reached skill level 1 in Fighting
   499 | D:1      | Reached skill level 3 in Earth Magic
   859 | D:1      | Gained mutation: You have a pair of small antennae on your
                  | head. [demonic ancestry]
   859 | D:1      | Reached XP level 3. HP: 23/26 MP: 3/6
   949 | D:$      | Got out of the dungeon alive.

Illustrated notes

Levels and vault maps discovered:
D:1:      wheals_arrival_linesprint, layout_loops_cross

Skill      XL: |  1  2 |
---------------+-------+-----
Fighting       | 1 |  1.2
Earth Magic    | 3 |  3.0
Armour         | |  0.5
Dodging        | |  1.7
Stealth        | |  1.7
Spellcasting   | |  2.4
Transmutations | |  0.8

Action                   || total
-------------------------++-------
Melee: Short sword       ||    29
 Fire: Sling             ||     9
 Cast: Sandblast         ||    25
Armor: Robe              ||     2
       Ring mail         ||    18
Dodge: Dodged            ||    51
Block: Buckler           ||     2
